 Dungeon Crawl Stone Soup version 0.22-a0-880-gb7b0c8b (webtiles) character file.

5089 Amnesiac the Thrower (level 10, -1/110 HPs)
             Began as an Ogre Fighter on July 30, 2018.
             Was an Elder of Okawaru.
             Slain by a killer bee (7 damage)
             ... on level 9 of the Dungeon.
             The game lasted 00:20:03 (10679 turns).

Amnesiac the Thrower (Ogre Fighter)                Turns: 10679, Time: 00:20:04

Health: -1/110     AC:  3    Str: 25    XL:     10   Next: 57%
Magic:  10/10      EV:  9    Int:  9    God:    Okawaru [****..]
Gold:   279        SH: 10    Dex:  8    Spells: 9/9 levels left

rFire    . . .     SeeInvis +   a - +2 hunting sling (flame)
rCold    . . .     Gourm    .   c - +0 shield
rNeg     . . .     Faith    .   I - +0 robe
rPois    .         Spirit   .   (helmet restricted)
rElec    .         Reflect  .   (no cloak)
rCorr    .         Harm     .   (gloves unavailable)
MR       +....                  (boots unavailable)
Stlth    +.........             (no amulet)
HPRegen  0.28/turn              (no ring)
MPRegen  0.12/turn              u - ring of see invisible

@: lethally poisoned (-1 -> -8)
A: large, unfitting armour, tough skin 1
a: Heroism, Renounce Religion


You were on level 9 of the Dungeon.
You worshipped Okawaru.
Okawaru was greatly pleased with you.
You were very hungry.

You visited 2 branches of the dungeon, and saw 10 of its levels.

You collected 499 gold pieces.
You spent 220 gold pieces at shops.

Inventory:

Hand Weapons
 a - a +2 hunting sling of flaming (weapon)
 b - a +0 trident
Missiles
 e - 237 stones (quivered)
 v - 15 poisoned needles
 D - 8 javelins of penetration
 G - 9 tomahawks
 H - 4 tomahawks of returning
Armour
 c - a +0 shield (worn)
 I - a +0 robe (worn)
Jewellery
 u - a ring of see invisible (right hand)
Wands
 p - a wand of iceblast (5)
 x - a wand of digging (20)
 y - a wand of polymorph (13)
Scrolls
 h - a scroll of holy word {!r}
 j - 5 scrolls of teleportation {!r}
 q - a scroll of identify {!r}
 r - 2 scrolls of amnesia {!r}
 t - a scroll of remove curse {!r}
 w - 2 scrolls of blinking {!r}
 C - a scroll of fog {!r, unknown}
 E - 2 scrolls of magic mapping {!r}
 F - 2 scrolls of enchant armour {!r}
Potions
 d - 4 potions of might {!q}
 g - a potion of mutation {!q}
 i - 3 potions of magic {!q, unknown}
 k - 5 potions of curing {!q}
 m - a potion of flight {!q, unknown}
 s - a potion of agility {!q}
 A - a potion of invisibility {!q}
 B - 3 potions of heal wounds {!q}
Comestibles
 f - 17 rations


   Skills:
 - Level 10.0 Fighting
 - Level 2.0 Polearms
 - Level 12.0 Throwing
 - Level 2.6 Dodging
 + Level 6.0 Shields


You had 9 spell levels left.
You didn't know any spells.
Your spell library contained the following spells:

 Spells                   Type           Power        Failure   Level  Hunger
 Cause Fear               Hex            #.........   100%        4    #####..
 Magic Dart               Conj           #...         61%         1    ##.....
 Slow                     Hex            #.......     75%         2    ###....
 Iskenderun's Mystic Bla  Conj           #.......     100%        4    #####..
 Spider Form              Tmut/Pois      #.........   93%         3    ####...
 Blade Hands              Tmut           #.........   100%        5    ######.
 Ice Form                 Ice/Tmut       #.......     100%        4    #####..
 Sticks to Snakes         Tmut           #.......     75%         2    ###....
 Corona                   Hex            #......      61%         1    ##.....
 Portal Projectile        Hex/Tloc       #.....       93%         3    ####...
 Leda's Liquefaction      Hex/Erth       #.........   100%        4    #####..
 Inner Flame              Hex/Fire       #.......     93%         3    ####...
 Beastly Appendage        Tmut           #.....       61%         1    ##.....
 Fulminant Prism          Conj/Hex       #.........   100%        4    #####..
 Dazzling Spray           Conj/Hex       #.....       93%         3    ####...
 Force Lance              Conj/Tloc      #.......     100%        4    #####..
 Searing Ray              Conj           #.....       75%         2    ###....


Dungeon Overview and Level Annotations

Branches:
Dungeon (9/15)             Temple (1/1) D:5            Lair (0/6) D:8
    Orc (0/2) D:9

Altars:
Ashenzari
Cheibriados
Dithmenos
Elyvilon
Fedhas
Gozag
Hepliaklqana
Kikubaaqudgha
Makhleb
Nemelex Xobeh
Okawaru
Qazlal
Ru
Sif Muna
Trog
Uskayaw
Vehumet
Wu Jian
Xom
Yredelemnul
Zin
The Shining One

Shops:
D:9 ([

Annotations:
D:5 3 runed doors, Thaneod's ghost, novice DEFE
D:9 1 runed door


Innate Abilities, Weirdness & Mutations

You are too large for most types of armour.
You have tough skin. (AC +1)


Message History

Press: ? - help, Shift-Dir - straight line, f/p - killer bee
Aim: a killer bee (heavily wounded)
The puff of flame misses the killer bee.
You feel sick. The killer bee stings you.
* * * LOW HITPOINT WARNING * * *
The killer bee completely misses you.
Evoke which item? (* to show all) (? for menu, Esc to quit)
Aiming: Throw Flame
Press: ? - help, Shift-Dir - straight line, f/p - killer bee
Aim: a killer bee (heavily wounded)
The puff of flame hits the killer bee.
The killer bee is heavily wounded.
You feel sick. The killer bee closely misses you. The killer bee stings you.
* * * LOW HITPOINT WARNING * * *
You are more poisoned.
The killer bee poisons you!
Evoke which item? (* to show all) (? for menu, Esc to quit)
Aiming: Throw Flame
Press: ? - help, Shift-Dir - straight line, f/p - killer bee
Aim: a killer bee (heavily wounded)
The puff of flame misses the killer bee.
You feel sick. The killer bee barely misses you.
You block the killer bee's attack.
Evoke which item? (* to show all) (? for menu, Esc to quit)
Aiming: Throw Flame
Press: ? - help, Shift-Dir - straight line, f/p - killer bee
Aim: a killer bee (heavily wounded)
The puff of flame hits the killer bee.
The killer bee is almost dead.
The now-empty wand crumbles to dust.
You feel sick. You block the killer bee's attack.
The killer bee stings you but does no damage.
No previous command to re-do.
No previous command to re-do.
No previous command to re-do.
Unknown command.
Evoke which item? (* to show all) (? for menu, Esc to quit)
Aiming: Iceblast
Press: ? - help, Shift-Dir - straight line, f/p - killer bee
Aim: a killer bee (almost dead) That beam is likely to hit you.
Continue anyway?
Okay, then.
Firing (i - inventory. (/) - cycle)
e - 240 stones (quivered)
Press: ? - help, Shift-Dir - straight line, f/p - killer bee
Aim: a killer bee (almost dead)
You shoot a stone. The stone misses the killer bee.
You feel sick. You block the killer bee's attack.
Firing (i - inventory. (/) - cycle)
e - 239 stones (quivered)
Press: ? - help, Shift-Dir - straight line, f/p - killer bee
Aim: a killer bee (almost dead)
You shoot a stone.
The stone closely misses the killer bee.
You feel sick. You block the killer bee's attack. The killer bee stings you!
* * * LOW HITPOINT WARNING * * *
The killer bee stings you.
* * * LOW HITPOINT WARNING * * *
Firing (i - inventory. (/) - cycle)
e - 238 stones (quivered)
Press: ? - help, Shift-Dir - straight line, f/p - killer bee
Aim: a killer bee (almost dead)
You shoot a stone.
The stone closely misses the killer bee.
* * * LOW HITPOINT WARNING * * *
You feel sick. You block the killer bee's attack. The killer bee stings you!
You die...

##...........#
##..........#.#
##....######...##
###....##....##...#
##.....##+.....#...#
......##.#.....##..#
....###..##.....#.##
.####.....###'###.#
##)+.....y#()'(y@.#
.####.....###(###.#
)...###.y##.....#.#
.[....##.#.....##.#
....#..##'....)#..#
....##..##....##.##
.........######..#
....##..........##
>...#...........#


You could see 2 killer bees.

Vanquished Creatures
  An ugly thing (D:7)
  A raiju (D:9)
  Eustachio (D:4)
  A hungry ghost (D:9)
  4 soldier ants (D:9)
  2 water moccasins (D:9)
  2 orc warriors
  An ice beast (D:8)
  A swamp drake (D:6)
  An eye of draining (D:7)
  2 phantoms (D:7)
  A boggart (D:6)
  3 ogres
  A centaur (D:9)
  4 bullfrogs
  A big kobold (D:8)
  2 scorpions
  12 killer bees
  4 howler monkeys
  A bullfrog zombie (D:9)
  4 crimson imps
  10 orc priests
  6 hounds
  A jelly (D:9)
  5 orc wizards
  A bullfrog skeleton (D:5)
  4 iguanas
  10 worker ants
  A killer bee zombie (D:9)
  A worker ant zombie (D:7)
  9 adders
  A white imp (D:6)
  3 oozes
  An adder skeleton (D:4)
  2 worms
  5 dart slugs
  5 leopard geckos
  34 orcs
  A ball python (D:2)
  10 bats
  7 giant cockroaches
  11 hobgoblins
  4 jackals
  5 kobolds
  5 quokkas
  2 frilled lizards
  7 goblins
  A goblin zombie (D:6)
  3 hobgoblin zombies (D:6)
  A kobold skeleton (D:6)
  A kobold zombie (D:6)
  A quokka skeleton (D:7)
  12 rats
220 creatures vanquished.

Notes
Turn   | Place    | Note
-------+----------+-------------------------------------------
     0 | D:1      | Amnesiac the Ogre Fighter began the quest for the Orb.
     0 | D:1      | Reached XP level 1. HP: 24/24 MP: 1/1
    38 | D:1      | Reached skill level 1 in Throwing
    90 | D:1      | Reached XP level 2. HP: 32/32 MP: 2/2
   133 | D:1      | Reached skill level 2 in Throwing
   276 | D:1      | Reached XP level 3. HP: 24/39 MP: 3/3
   440 | D:1      | Reached skill level 3 in Throwing
   927 | D:2      | Reached XP level 4. HP: 25/48 MP: 4/4
  1708 | D:3      | Reached skill level 4 in Throwing
  2328 | D:4      | Noticed Eustachio
  2336 | D:4      | Killed Eustachio
  2336 | D:4      | Reached skill level 5 in Throwing
  2336 | D:4      | Reached XP level 5. HP: 54/54 MP: 5/5
  2336 | D:4      | Reached XP level 6. HP: 62/62 MP: 6/6
  2596 | D:4      | Reached skill level 6 in Throwing
  2774 | D:5      | Entered Level 5 of the Dungeon
  2967 | D:5      | Found a runed gate.
  2969 | D:5      | Found a runed gate.
  2969 | D:5      | Found a runed gate.
  3110 | D:5      | Reached XP level 7. HP: 28/71 MP: 7/7
  3262 | D:5      | Found a staircase to the Ecumenical Temple.
  3271 | Temple   | Entered the Ecumenical Temple
  3592 | Temple   | Became a worshipper of Warmaster Okawaru
  3868 | D:5      | Reached skill level 5 in Fighting
  4160 | D:5      | Noticed Thaneod's ghost (novice DEFE)
  4455 | D:6      | Reached skill level 7 in Throwing
  4676 | D:6      | Found a white marble altar of Elyvilon.
  4787 | D:6      | Reached XP level 8. HP: 56/83 MP: 8/8
  4870 | D:6      | Reached * piety under Okawaru
  5051 | D:6      | Found a glowing golden altar of the Shining One.
  5102 | D:6      | Found a shattered altar of Ashenzari.
  5104 | D:6      | Found a stormy altar of Qazlal.
  5104 | D:6      | Found a shimmering altar of Xom.
  5104 | D:6      | Found a glowing golden altar of the Shining One.
  5107 | D:6      | Found a glowing silver altar of Zin.
  5131 | D:6      | Reached skill level 8 in Throwing
  5500 | D:7      | Noticed a green ugly thing
  5518 | D:7      | Killed a green ugly thing
  5518 | D:7      | Reached skill level 9 in Throwing
  5630 | D:7      | Reached XP level 9. HP: 82/96 MP: 9/9
  5728 | D:7      | Reached ** piety under Okawaru
  5728 | D:7      | Reached skill level 10 in Throwing
  5854 | D:7      | Found a blossoming altar of Fedhas.
  7055 | D:8      | Found a staircase to the Lair.
  7126 | D:8      | Found a deep blue altar of Sif Muna.
  7621 | D:6      | Reached skill level 11 in Throwing
  8102 | D:8      | Reached *** piety under Okawaru
  8593 | D:8      | Reached skill level 10 in Fighting
  8834 | D:9      | Reached XP level 10. HP: 45/110 MP: 10/10
  9139 | D:9      | Found a sparkling altar of Nemelex Xobeh.
  9257 | D:9      | Reached skill level 12 in Throwing
  9265 | D:9      | Found a basalt altar of Yredelemnul.
  9362 | D:9      | Found the +9 staff of Olgreb {rPois}
  9399 | D:9      | Found a runed gate.
  9592 | D:9      | Found a runed door.
  9602 | D:9      | Found a runed gate.
  9602 | D:9      | Found a runed gate.
  9610 | D:9      | Found a runed door.
  9684 | D:9      | Found Iguege's Armour Emporium.
  9782 | D:9      | Received a gift from Okawaru
  9811 | D:9      | Found a staircase to the Orcish Mines.
  9813 | D:9      | Found Poteliu's Weapon Emporium.
  9915 | D:9      | Bought a +2 hunting sling of flaming for 220 gold pieces
 10082 | D:9      | Reached skill level 5 in Shields
 10340 | D:9      | Reached **** piety under Okawaru
 10679 | D:9      | Slain by a killer bee

Vault maps used:
D:1:      erik_arrival_gehennom
D:2:      first_ration
D:4:      uniq_eustachio
D:5:      minmay_temple_entry_large_hall, ebering_ghost_rock_garden
D:6:      grunt_temple_overflow_open, elyvilon_altar_5,
          nicolae_tso_besieged_by_evil
D:7:      lemuel_coloured_pillars_altar
D:8:      lemuel_doored_altar, dpeg_oklobed_lair, blue_anna_alchemist
D:9:      nemelex_xobeh_ov_fountains_minmay, overflow_temple_1_default,
          orc_david_3, hex_intersection, minmay_guarded_unrand_staff_of_olgreb
Temple:   hc_temple_tempest_star

Skill      XL: |  1  2  3  4  5  6  7  8  9 10 |
---------------+-------------------------------+-----
Throwing       | 1 2 3 5 6 7 9 11 12 | 12.0
Fighting       | 6 8 10 | 10.0
Shields        | 6 |  6.0
Polearms       | |  2.0
Dodging        | |  2.6

Action                   |  1- 3 |  4- 6 |  7- 9 | 10-12 || total
-------------------------+-------+-------+-------+-------++-------
Melee: Trident           |   117 |    21 |       |       ||   138
 Fire: Hunting sling     |       |   165 |   535 |   148 ||   848
Throw: Tomahawk          |       |       |    27 |    28 ||    55
Invok: Heroism           |       |       |     1 |     1 ||     2
Evoke: Wand              |       |       |     5 |    14 ||    19
  Use: Scroll            |       |     6 |    12 |       ||    18
       Potion            |       |       |     1 |     1 ||     2
 Stab: Sleeping          |     1 |       |       |       ||     1
  Eat: Chunk             |       |     7 |    10 |     5 ||    22
       Ration            |       |       |     2 |       ||     2
Armor: Robe              |    44 |    13 |    44 |    14 ||   115
       Skin              |       |       |    12 |       ||    12
Dodge: Dodged            |    40 |    26 |    98 |    57 ||   221
Block: Shield            |    50 |    31 |   124 |    73 ||   278

Table legend:
 A = Spawn XP
 B = Non-spawn XP
 C = Spawn XP percentage of total XP
 D = Spawn monster count
 E = Non-spawn monster count
 F = Spawn count percentage of total count
 G = Total turns spent on level
                    A         B        C        D         E        F      G
               +---------+---------+-------+---------+---------+-------+---------
         Total |       0 |    7270 |   0.0 |       0 |     220 |   0.0 | 10679
               +---------+---------+-------+---------+---------+-------+---------
           D:1 |       0 |      76 |   0.0 |       0 |      36 |   0.0 |   890
           D:2 |       0 |      32 |   0.0 |       0 |      15 |   0.0 |   705
           D:3 |       0 |      40 |   0.0 |       0 |      17 |   0.0 |   684
           D:4 |       0 |     282 |   0.0 |       0 |       9 |   0.0 |   495
           D:5 |       0 |     331 |   0.0 |       0 |      13 |   0.0 |  1286
           D:6 |       0 |    1115 |   0.0 |       0 |      38 |   0.0 |  1629
           D:7 |       0 |    1626 |   0.0 |       0 |      20 |   0.0 |  1301
           D:8 |       0 |    1059 |   0.0 |       0 |      27 |   0.0 |  1397
           D:9 |       0 |    2706 |   0.0 |       0 |      44 |   0.0 |  1943
        Temple |       0 |       3 |   0.0 |       0 |       1 |   0.0 |   349
               +---------+---------+-------+---------+---------+-------+---------
